 Dungeon Crawl Stone Soup version 0.18.1-50-g88ac8fd (webtiles) character file.

21 Nordron the Changer (level 2, 0/25 HPs)
             Began as a Naga Transmuter on Sept 30, 2016.
             Slain by a jackal (2 damage)
             ... on level 1 of the Dungeon.
             The game lasted 00:01:58 (625 turns).

Nordron the Changer (Naga Transmuter)                Turns: 625, Time: 00:01:59

Health: 0/25       AC:  1    Str: 12    XL:     2   Next: 83%
Magic:  4/5        EV: 10    Int: 13    God:
Gold:   35         SH:  0    Dex: 11    Spells: 1 memorised, 4 levels left

rFire  . . .     SeeInvis +     i - +0 hand axe
rCold  . . .     Gourm    .     b - +0 robe
rNeg   . . .     Faith    .     (no shield)
rPois  +         Spirit   .     (no helmet)
rElec  .         Dismiss  .     (no cloak)
rCorr  .         Reflect  .     (no gloves)
SustAt .         Harm     .     (no barding)
MR     .....                    (no amulet)
Stlth  +.........               (no ring)
                                (no ring)

@: appendage, very slow, not resistant to hostile enchantments, very unstealthy
A: horns 2, see invisible, deformed body, poison resistance, slowness 2, slow
metabolism 1, spit poison 2, AC +0
a: Spit Poison, End Transformation


You were on level 1 of the Dungeon.
You were not hungry.
You had grown temporary horns.
You visited 1 branch of the dungeon, and saw 1 of its levels.

You collected 35 gold pieces.

Inventory:

Hand Weapons
 i - a +0 hand axe (weapon)
Missiles
 a - 12 arrows
Armour
 b - a +0 robe (worn)
 h - a cursed +0 scale mail
Scrolls
 e - a scroll of fear {unknown}
Potions
 g - a potion of experience {unknown}
Books
 c - a book of Changes

   Spells                             Type                      Level
   a - Beastly Appendage              Transmutation                1
   b - Sticks to Snakes               Transmutation                2
   c - Spider Form                    Transmutation/Poison         3
   d - Ice Form                       Ice/Transmutation            4
   e - Blade Hands                    Transmutation                5
Comestibles
 d - a bread ration
 f - 4 chunks of flesh


   Skills:
 - Level 1.0 Fighting
 - Level 1.5 Dodging
 - Level 3.0 Unarmed Combat
 - Level 2.0 Spellcasting
 * Level 3.2 Transmutations


You had 4 spell levels left.
You knew the following spells:

 Your Spells              Type           Power        Failure   Level  Hunger
a - Beastly Appendage     Trmt           #.....       10%         1    ##.....


Dungeon Overview and Level Annotations

Branches:
Dungeon (1/15)

Altars:


Innate Abilities, Weirdness & Mutations

You cannot wear boots.
Your serpentine skin is tough (AC +0).
You have supernaturally acute eyesight.
Armour fits poorly on your strangely shaped body.
Your system is resistant to poisons.
You cover ground very slowly.
You have a slow metabolism.
You can spit poison.
You have a pair of horns on your head.


Message History

The jackal is almost dead.
You have got your breath back.
The jackal bites you.
You closely miss the jackal.
The jackal is almost dead.
The jackal bites you.
* * * LOW HITPOINT WARNING * * *
The jackal bites you.
* * * LOW HITPOINT WARNING * * *
Casting: Beastly Appendage
Confirm with . or Enter, or press ? or * to list all spells.
You grow a pair of large bovine horns.
The jackal closely misses you. The jackal bites you.
* * * LOW HITPOINT WARNING * * *
You closely miss the jackal.
The jackal is almost dead.
The jackal bites you.
* * * LOW HITPOINT WARNING * * *
The jackal bites you.
You die...

..#####.#)##..#.#.............#
........#..#..#.#.#.####.>###.#
#.#.....)..#..#.#.#.# ##.# #.#
..#.######.#....###.# #.# #.#
#+#.......(#........# #.# #.#
....########.#...##### #.# #.#
....'......#.#.......# #.# #.#
....#......#.#.##.##.####.###.#
....#......#.#..@h##.#........#
.####......#.#.....#.####.######
.# #......#.##.##.#.# #.#....#
.# ##'#####....##.#.# #.#.##.#
.# ###.# #######.#.####.#.##.#
.# #...# #.#......#.##.# .#
#.### #.########.##.# ## #.#
#.#........##.# #.#
###.#.#########.#


You could see a jackal.

Vanquished Creatures
  2 giant geckos (D:1)
  3 goblins (D:1)
  2 jackals (D:1)
  6 kobolds (D:1)
  A bat (D:1)
  3 giant newts (D:1)
  2 rats (D:1)
19 creatures vanquished.

Notes
Turn   | Place    | Note
--------------------------------------------------------------
     0 | D:1      | Nordron the Naga Transmuter began the quest for the Orb.
     0 | D:1      | Reached XP level 1. HP: 18/18 MP: 3/3
   299 | D:1      | Reached XP level 2. HP: 24/25 MP: 3/5
   625 | D:1      | Slain by a jackal

Skill      XL: |  1  2 |
---------------+-------+-----
Transmutations | 3 |  3.2
Fighting       | |  1.0
Dodging        | |  1.5
Unarmed Combat | |  3.0
Spellcasting   | |  2.0

Action                   || total
-------------------------++-------
Melee: Unarmed           ||    42
       Headbutt          ||     2
       Hand axe          ||    15
       Punch             ||     1
 Cast: Beastly Appendage ||    10
 Abil: Spit Poison       ||    10
Armor: Robe              ||     5
Dodge: Dodged            ||    44
